Workbook

Sheet Historical Data
B1: 2011 | C1: 2012 | D1: 2013 | E1: Trailing 12 months (ending 6/14) | F1: First 6 months 2013 | G1: First 6 months 2014
A2: Revenues | B2: 234.2 | C2: 520 | D2: 985.7 | E2: =D2-F2+G2 -> 1033.9 | F2: 432.1 | G2: 480.3
A3: Stock-based Compensation Expenses | B3: 9 | C3: 9.2 | D3: 10.9 | E3: =D3-F3+G3 -> 44.5 | F3: 4.6 | G3: 38.2
A4: R&D Expenses | B4: 8.6 | C4: 36.1 | D4: 73.7 | E4: =D4-F4+G4 -> 108.4 | F4: 28.7 | G4: 63.4
A5: Gross Profit | B5: 122.6 | C5: 227.5 | D5: 361.8 | E5: =D5-F5+G5 -> 414.9 | F5: 146.3 | G5: 199.4
A6: EBITDA | B6: =B8+1.5+3.6 -> 43.9 | C6: =C8+4+8.6 -> 66.2 | D6: =D8+12+13.5 -> 124.2 | E6: =D6-F6+G6 -> 101.5 | F6: =F8+5.1+5.4 -> 39.3 | G6: =G8+8.7+8 -> 16.6
A7: Adjusted EBITDA | B7: =B6+B3 -> 52.9 | C7: =C6+C3 -> 75.4 | D7: =D6+D3 -> 135.1 | E7: =D7-F7+G7 -> 146.2 | F7: 43.3 | G7: 54.4
A8: Operating Income | B8: 38.8 | C8: 53.6 | D8: 98.7 | E8: =D8-F8+G8 -> 69.8 | F8: 28.8 | G8: -0.1
A9: Net Income | B9: 24.6 | C9: 32.3 | D9: 60.6 | E9: =D9-F9+G9 -> 33.8 | F9: 18 | G9: -8.8
A10: Invested Capital | C10: =C12+C13+C14-C11 -> 90.3 | D10: =D12+D13+D14-D11 -> 83.9 | E10: =D10-F10+G10 -> 83.9
A11: Cash | C11: 36.5 | D11: 101.4 | E11: 305.7
A12: Debt | C12: =113.6+15.8 -> 129.4 | D12: =53.3+60.3 -> 113.6 | E12: 107.7
A13: Preferred Stock | C13: 77.1 | D13: 77.1 | E13: 0
A14: Equity | C14: -79.7 | D14: -5.4 | E14: 124.5
A15: Units Shipped | B15: 1145 | C15: 2316 | D15: 3849 | E15: =D15-F15+G15 -> 3949 | F15: 1600 | G15: 1700
A16: Effective Tax Rate | B16: 0.366 | C16: 0.394 | D16: 0.337 | E16: 0.294
B17: 2011 | C17: 2012 | D17: 2013 | E17: Trailing 12 months (ending 6/14)
A18: Gross Margin | B18: =B5/B2 -> 0.5234842 | C18: =C5/C2 -> 0.4375 | D18: =D5/D2 -> 0.3670488 | E18: =E5/E2 -> 0.40129606
A19: EBITDA Margin | B19: =B6/B2 -> 0.18744663 | C19: =C6/C2 -> 0.12730769 | D19: =D6/D2 -> 0.12600183 | E19: =E6/E2 -> 0.09817197
A20: Adjusted EBITDA Margin | B20: =B7/B2 -> 0.22587532 | C20: =C7/C2 -> 0.145 | D20: =D7/D2 -> 0.13705996 | E20: =E7/E2 -> 0.14140633
A21: R&D adjusted Operating Margin | B21: =(B8+B4)/B2 -> 0.20239112 | C21: =(C8+C4-B4/3)/C2 -> 0.16698718 | D21: =(D8+D4-B4/3-C4/3)/D2 -> 0.15978492 | E21: 0.1343
A22: Operating Margin | B22: =B8/B2 -> 0.16567037 | C22: =C8/C2 -> 0.10307692 | D22: =D8/D2 -> 0.10013189 | E22: =E8/E2 -> 0.067511365
A23: Net Margin | B23: =B9/B2 -> 0.10503843 | C23: =C9/C2 -> 0.062115385 | D23: =D9/D2 -> 0.061479152 | E23: =E9/E2 -> 0.03269175

Sheet Sheet3
A1: Year | B1: Revenues | C1: Operating Income | D1: Net Income | E1: # Units sold
A2: 2011 | B2: ='Historical Data'!B2 -> 234.2 | C2: ='Historical Data'!B8 -> 38.8 | D2: ='Historical Data'!B9 -> 24.6 | E2: ='Historical Data'!B15 -> 1145
A3: 2012 | B3: ='Historical Data'!C2 -> 520 | C3: ='Historical Data'!C8 -> 53.6 | D3: ='Historical Data'!C9 -> 32.3 | E3: ='Historical Data'!C15 -> 2316
A4: 2013 | B4: ='Historical Data'!D2 -> 985.7 | C4: ='Historical Data'!D8 -> 98.7 | D4: ='Historical Data'!D9 -> 60.6 | E4: ='Historical Data'!D15 -> 3849
A5: Trailing 12 months thru 6/2014 | B5: ='Historical Data'!E2 -> 1033.9 | C5: ='Historical Data'!E8 -> 69.8 | D5: ='Historical Data'!E9 -> 33.8 | E5: ='Historical Data'!E15 -> 3949
